 Dungeon Crawl Stone Soup version 0.21.1-1-g345015f (webtiles) character file.

115 Solrac the Cudgeler (level 4, -1/41 HPs)
             Began as a Minotaur Berserker on Feb 20, 2018.
             Was a Believer of Trog.
             Slain by Natasha (2 damage)
             ... on level 2 of the Dungeon.
             The game lasted 00:07:08 (1270 turns).

Solrac the Cudgeler (Minotaur Berserker)            Turns: 1270, Time: 00:07:09

Health: -1/41      AC:  6    Str: 22    XL:     4   Next: 68%
Magic:  3/3        EV: 10    Int:  4    God:    Trog [**....]
Gold:   41         SH:  3    Dex: 10    Spells: 3/3 levels left

rFire    . . .     SeeInvis .   a - +0 mace
rCold    . . .     Gourm    .   r - +0 buckler
rNeg     . . .     Faith    .   k - +0 ring mail
rPois    .         Spirit   .   (helmet restricted)
rElec    .         Reflect  .   p - +0 cloak
rCorr    .         Harm     .   (no gloves)
MR       .....                  (no boots)
Stlth    ..........             (no amulet)
HPRegen  0.13/turn              (no ring)
MPRegen  0.08/turn              (no ring)

@: berserk cooldown, slowed, very slow
A: retaliatory headbutt, horns 2
a: Berserk, Trog's Hand, Burn Spellbooks, Renounce Religion


You were on level 2 of the Dungeon.
You worshipped Trog.
Trog was pleased with you.
You were very hungry.

You visited 1 branch of the dungeon, and saw 2 of its levels.

You collected 41 gold pieces.

Inventory:

Hand Weapons
 a - a +0 mace (weapon)
 s - a +0 whip
Missiles
 h - a stone (quivered)
Armour
 b - a +0 animal skin
 k - a +0 ring mail (worn)
 p - a +0 cloak (worn)
 r - a +0 buckler (worn)
Jewellery
 i - an uncursed amulet of the gourmand {unknown}
 m - a cursed ring of see invisible {unknown}
Scrolls
 e - 3 scrolls of identify {unknown}
 g - a scroll of blinking {unknown}
 o - 2 scrolls of fear {unknown}
 q - a scroll of enchant armour {unknown}
Potions
 d - a potion of curing {unknown}
 f - a potion of berserk rage {unknown}
 j - 3 potions of mutation {unknown}
 l - 2 potions of heal wounds {unknown}
 n - a potion of flight {unknown}
 t - a potion of brilliance {unknown}
Comestibles
 c - 5 rations


   Skills:
 + Level 4.8 Fighting
 * Level 5.8 Maces & Flails
 - Level 2.4 Armour
 - Level 2.1 Dodging


You had 3 spell levels left.
You didn't know any spells.

Dungeon Overview and Level Annotations

Branches:
Dungeon (2/15)

Altars:

Annotations:
D:2 Natasha


Innate Abilities, Weirdness & Mutations

You reflexively headbutt those who attack you in melee.
You have a pair of horns on your head.


Message History

You start resting.
Natasha, Servant of Life and Death comes into view.
Natasha casts a spell at you. The magic dart hits you!
* * * LOW HITPOINT WARNING * * *
There is an open door, spattered with blood here.
Things that are here:
a dagger; a leather armour Natasha stares at you and mumbles some strange words.
The magic dart hits you!
* * * LOW HITPOINT WARNING * * *
Natasha claws you but does no damage. Natasha claws you.
* * * LOW HITPOINT WARNING * * *
You see here the felid corpse of Natasha.
You miss Natasha. Your headbutt misses Natasha. Natasha claws you!
* * * LOW HITPOINT WARNING * * *
You barely miss Natasha. You headbutt Natasha.
Natasha is lightly wounded.
Natasha claws you.
You die...

############ #######
#........... .......
######........... .......
#................ .......
#....#........... .......
#....#........###
.......###....#...........
......().@h...'...........
.......###....###.#.......
....... #.#### #.#......#
....... #.# #.#......'
.###### #.# #.#......# #.#
#.###'#... #.# #.# #.####
#.# #.# #.#


You could see Natasha.

Vanquished Creatures
  Terence (D:2)
  Natasha (twice) (D:2)
  An adder (D:2)
  A dart slug (D:1)
  A leopard gecko (D:2)
  A giant cockroach (D:1)
  6 goblins
  2 hobgoblins (D:1)
  3 jackals (D:2)
  4 kobolds
  5 bats
  2 rats (D:1)
29 creatures vanquished.

Notes
Turn   | Place    | Note
-------+----------+-------------------------------------------
     0 | D:1      | Solrac the Minotaur Berserker began the quest for the Orb.
     0 | D:1      | Reached XP level 1. HP: 19/19 MP: 0/0
    85 | D:1      | Reached skill level 4 in Maces & Flails
   404 | D:1      | Reached XP level 2. HP: 27/27 MP: 1/1
   888 | D:2      | Noticed Terence
   902 | D:2      | Reached ** piety under Trog
   907 | D:2      | Reached XP level 3. HP: 28/33 MP: 2/2
   919 | D:2      | Killed Terence
   919 | D:2      | Reached skill level 5 in Maces & Flails
  1231 | D:2      | Noticed Natasha
  1240 | D:2      | Killed Natasha
  1240 | D:2      | Reached XP level 4. HP: 15/41 MP: 3/3
  1250 | D:2      | Noticed Natasha
  1256 | D:2      | Killed Natasha
  1266 | D:2      | Noticed Natasha
  1269 | D:2      | HP: 1/41 [Natasha (7)]
  1270 | D:2      | Slain by Natasha

Skill      XL: |  1  2  3 |
---------------+----------+-----
Maces & Flails | 4 5 |  5.8
Fighting       | 4 |  4.8
Armour         | |  2.4
Dodging        | |  2.1

Action                   |  1- 3 |  4- 6 || total
-------------------------+-------+-------++-------
Melee: Mace              |    78 |    10 ||    88
       Headbutt          |     9 |     1 ||    10
Invok: Berserk           |     1 |       ||     1
  Eat: Chunk             |     1 |       ||     1
Armor: Animal skin       |    11 |       ||    11
       Ring mail         |    21 |     5 ||    26
Dodge: Dodged            |    51 |     5 ||    56
Block: Buckler           |     8 |       ||     8
